Map: Berlingrad LE

Players

MCannix

  • Race: Zerg Zerg
  • League: Master

Pikachuu - Winner!

  • Race: Terran Terran

VOD

Have the link to the VOD?

Description

Time

  • Played on: Jan. 30, 2022, 11:42 p.m.
  • Length: 25:25
Show
View Real Time Build Order
Export as new Build Order

MCannix Zerg 

Build Orders: Hatch First, Lurkers 

Get SALT Encoding   

  12  0:01  Drone  
  13  0:14  Overlord  
  13  0:18  Drone  
  14  0:32  Drone x2  
  16  0:52  Hatchery, Drone  
  16  0:58  Extractor  
  15  1:09  Spawning Pool  
  14  1:12  Drone  
  14  1:15  Drone  
  16  1:19  Drone  
  16  1:24  Drone  
  18  1:36  Drone  
  19  1:45  Overlord  
  19  1:57  Queen  
  21  2:03  Metabolic Boost  
  21  2:06  Queen  
  23  2:09  Zergling x2  
  23  2:11  Zergling x2  
  25  2:17  Drone x2  
  27  2:22  Overlord  
  27  2:28  Drone  
  28  2:38  Overlord  
  28  2:42  Drone  
  29  2:46  Drone  
  29  2:49  Drone x2  
  32  3:00  Hatchery  
  32  3:03  Drone x2  
  33  3:07  Drone x2  
  33  3:11  Drone x2  
  37  3:21  Drone x2  
  37  3:23  Baneling Nest  
  38  3:30  Queen  
  38  3:32  Overlord  
  40  3:41  Burrow  
  40  3:42  Drone  
  40  3:43  Drone x2  
  40  3:45  Zergling x2  
  44  3:51  Zergling x4  
  44  3:55  Drone x2  
  47  4:06  Queen  
  49  4:13  Drone x4, Spore Crawler  
  49  4:14  Drone x4  
  56  4:22  Overlord  
  56  4:25  Baneling  
  56  4:26  Extractor, Baneling x2  
  56  4:28  Queen  
  57  4:33  Zergling x2, Evolution Chamber  
  57  4:35  Overlord x2  
  57  4:44  Drone x2  
  59  4:47  Drone  
  60  4:55  Drone  
  60  4:58  Lair  
  61  5:01  Drone x2  
  61  5:02  Spore Crawler  
  61  5:03  Overlord x2, Drone x4  
  66  5:07  Drone x3  
  66  5:13  Zerg Melee Weapons Level 1  
  70  5:14  Zergling x6  
  70  5:19  Overlord  
  72  5:21  Queen  
  72  5:24  Overlord x2, Extractor  
  72  5:26  Zergling x2  
  72  5:27  Baneling x3  
  74  5:30  Zergling x2  
  74  5:33  Zergling x2  
  76  5:46  Hatchery  
  76  5:47  Extractor  
  76  5:48  Overlord, Drone  
  76  5:49  Drone x3  
  78  5:51  Evolution Chamber  
  78  5:53  Drone  
  78  5:56  Zergling x6  
  80  5:58  Drone x6  
  84  6:06  Drone  
  82  6:12  Spire, Spore Crawler  
  82  6:14  Drone  
  82  6:18  Drone x6  
  81  6:21  Zerg Ground Armor Level 1  
  84  6:27  Drone x3  
  84  6:28  Drone x2  
  85  6:37  Drone x2, Centrifugal Hooks  
  85  6:39  Zergling x2  
  85  6:43  Spine Crawler  
  85  6:45  Spore Crawler  
  82  6:52  Spore Crawler  
  81  6:56  Queen  
  81  6:58  Zergling x8  
  81  7:00  Hydralisk Den, Overlord x2  
  86  7:04  Extractor  
  86  7:08  Drone x3  
  87  7:09  Queen  
  87  7:10  Drone x2  
  87  7:14  Zergling x8  
  96  7:16  Hatchery  
  95  7:30  Zerg Melee Weapons Level 2  
  95  7:31  Corruptor  
  95  7:36  Extractor  
  96  7:40  Zergling x2  
  96  7:41  Zergling x2  
  96  7:44  Corruptor  
  98  7:48  Corruptor  
  102  7:52  Zergling x24  
  102  7:53  Hatchery  
  102  7:55  Overlord x2  
  102  7:57  Corruptor  
  115  7:59  Spore Crawler  
  115  8:04  Corruptor  
  116  8:07  Zergling x14  
  116  8:10  Corruptor  
  123  8:15  Zergling x8  
  123  8:18  Corruptor  
  117  8:21  Zergling x4  
  115  8:31  Zerg Flyer Weapons Level 1  
  115  8:32  Drone x4  
  115  8:33  Drone  
  115  8:34  Drone x4  
  124  8:40  Drone  
  124  8:41  Drone x3  
  128  8:43  Drone  
  129  8:50  Zerg Ground Armor Level 2  
  129  8:53  Muscular Augments  
  129  8:59  Baneling x3  
  129  9:00  Drone x6, Baneling, Spore Crawler  
  134  9:04  Hydralisk x2  
  134  9:05  Hydralisk, Zergling x4  
  134  9:08  Overlord  
  141  9:11  Baneling  
  141  9:12  Baneling x4  
  141  9:17  Drone  
  141  9:20  Extractor  
  141  9:26  Extractor  
  138  9:35  Drone  
  138  9:36  Drone x2  
  138  9:37  Corruptor  
  138  9:38  Corruptor x2  
  134  9:44  Drone x3  
  134  9:45  Drone x4  
  143  9:47  Queen  
  143  9:50  Hatchery  
  144  9:57  Infestation Pit  
  144  9:58  Zerg Missile Weapons Level 1  
  143  10:00  Baneling x9  
  143  10:01  Zergling x2, Spore Crawler  
  143  10:02  Zergling x18, Spore Crawler  
  143  10:04  Grooved Spines, Spine Crawler  
  150  10:13  Hydralisk  
  150  10:14  Hydralisk x3, Zergling x6  
  150  10:15  Zergling x4  
  150  10:18  Overlord  
  150  10:19  Overlord  
  150  10:21  Overlord  
  163  10:23  Zergling x2  
  163  10:24  Zergling x4  
  162  10:31  Zergling x14  
  162  10:32  Zergling x2  
  162  10:33  Zergling x2  
  162  10:35  Hydralisk x2  
  162  10:41  Hive  
  164  10:47  Corruptor  
  164  10:49  Zergling x14  
  173  11:01  Extractor, Drone  
  173  11:02  Drone x3  
  173  11:04  Extractor  
  175  11:05  Drone x2  
  175  11:08  Zergling x12  
  175  11:09  Zergling x14  
  187  11:13  Zergling x8  
  187  11:15  Corruptor  
  188  11:20  Zergling x2  
  188  11:21  Zergling x8  
  188  11:24  Corruptor  
  188  11:25  Corruptor  
  197  11:28  Corruptor  
  197  11:31  Zerg Flyer Weapons Level 2  
  193  11:37  Spore Crawler  
  193  11:38  Baneling x4  
  193  11:39  Baneling  
  190  11:46  Queen  
  192  11:48  Drone  
  192  11:49  Drone x2  
  192  11:52  Drone  
  196  11:54  Drone  
  196  11:55  Drone x2  
  196  11:59  Baneling x2  
  196  12:00  Baneling x11  
  199  12:03  Adrenal Glands  
  199  12:04  Ultralisk Cavern  
  199  12:05  Zerg Melee Weapons Level 3  
  199  12:08  Zerg Ground Armor Level 3  
  192  12:18  Lurker Den  
  192  12:21  Zergling x22  
  192  12:22  Zergling x2  
  198  12:23  Zergling x6  
  198  12:24  Zergling x4  
  198  12:26  Zergling x2  
  198  12:27  Zergling x6  
  198  12:28  Zergling x2  
  178  12:30  Zergling x2  
  178  12:31  Zergling x6  
  178  12:34  Zergling x6  
  176  12:37  Zergling x8  
  180  12:46  Baneling  
  180  12:47  Baneling x9  
  180  12:51  Chitinous Plating  
  180  12:55  Zergling x2  
  180  12:56  Drone x8  
  180  12:57  Ultralisk x2  
  190  13:05  Ultralisk  
  188  13:15  Ultralisk  
  194  13:20  Adaptive Talons  
  194  13:21  Overlord  
  194  13:25  Drone x3  
  196  13:32  Lurker x6  
  198  13:35  Baneling x4, Corruptor  
  198  13:46  Baneling x2  
  198  13:47  Baneling x8  
  196  13:50  Baneling x5  
  186  13:59  Zergling x26  
  186  14:00  Zergling x26  
  186  14:01  Zergling x4  
  175  14:03  Zergling x2  
  175  14:04  Zergling x4  
  156  14:10  Anabolic Synthesis  
  156  14:12  Ultralisk  
  156  14:13  Zergling x2  
  156  14:14  Zergling x4  
  156  14:16  Zergling x2  
  156  14:17  Seismic Spines  
  163  14:25  Ultralisk  
  163  14:28  Greater Spire  
  163  14:31  Zergling x2  
  170  14:35  Zergling x6  
  170  14:36  Zergling x12  
  159  14:43  Zergling x2  
  159  14:44  Ultralisk  
  163  14:53  Zergling x2  
  163  14:54  Ultralisk  
  161  15:05  Ultralisk  
  161  15:06  Ultralisk x2  
  173  15:10  Zergling x2  
  173  15:11  Zergling x8  
  178  15:15  Zerg Missile Weapons Level 2  
  178  15:16  Zergling x2  
  178  15:19  Baneling  
  173  15:28  Hatchery  
  173  15:29  Zergling x10  
  177  15:36  Ultralisk  
  177  15:39  Baneling  
  177  15:40  Baneling x4  
  183  15:46  Zergling x2  
  183  15:47  Zergling x8  
  183  15:49  Drone x2  
  190  15:54  Drone  
  178  15:57  Zergling x12  
  178  16:03  Hydralisk x3  
  170  16:06  Zergling x2  
  170  16:08  Hydralisk  
  170  16:10  Drone x3  
  177  16:17  Zergling x2  
  177  16:18  Zergling x8  
  182  16:24  Baneling x5  
  182  16:25  Baneling x5  
  182  16:26  Corruptor  
  184  16:37  Spine Crawler  
  184  16:39  Spore Crawler  
  182  16:41  Queen  
  182  16:45  Zergling x6  
  182  16:46  Zergling x16  
  195  16:53  Baneling  
  194  16:55  Lurker x4  
  194  17:00  Corruptor  
  200  17:05  Corruptor x2  
  200  17:06  Corruptor  
  199  17:11  Corruptor  
  199  17:18  Hatchery  
  199  17:20  Corruptor x2  
  200  17:24  Spine Crawler  
  200  17:28  Spine Crawler  
  198  17:38  Spore Crawler  
  198  17:41  Spore Crawler  
  196  17:45  Baneling x6  
  196  17:47  Brood Lord x2  
  200  17:55  Zergling x2  
  189  17:59  Zergling x8  
  189  18:00  Zergling x2  
  189  18:01  Zergling x26  
  194  18:05  Zergling x2  
  194  18:06  Zergling x12  
  194  18:08  Corruptor  
  194  18:12  Corruptor x2  
  187  18:23  Drone  
  187  18:25  Baneling x5  
  187  18:26  Baneling, Corruptor x4  
  196  18:35  Spine Crawler  
  196  18:39  Zergling x2  
  196  18:40  Zergling x2  
  186  18:43  Zergling x2  
  186  18:45  Zergling x28  
  179  18:50  Zergling x8  
  179  18:55  Corruptor  
  171  19:06  Zergling x2  
  171  19:07  Zergling x24  
  183  19:11  Corruptor  
  183  19:20  Corruptor x3  
  183  19:21  Baneling  
  183  19:22  Baneling x4  
  183  19:23  Baneling x3  
  187  19:26  Drone  
  187  19:29  Drone  
  187  19:30  Drone x4  
  187  19:31  Drone  
  187  19:33  Zergling x2  
  187  19:34  Zergling x2  
  187  19:35  Zergling x2  
  187  19:36  Drone  
  191  19:41  Drone x4  
  191  19:43  Drone  
  191  19:44  Drone  
  194  20:02  Hydralisk x2  
  198  20:11  Spore Crawler  
  197  20:15  Spine Crawler  
  197  20:17  Spine Crawler  
  197  20:18  Spore Crawler x2  
  193  20:25  Zerg Flyer Armor Level 1  
  193  20:26  Hydralisk  
  193  20:27  Hydralisk x2  
  199  20:32  Zergling x6  
  199  20:34  Zergling x4  
  199  20:35  Zergling x2  
  194  20:37  Zergling x26  
  194  20:38  Zergling x6  
  192  20:51  Hydralisk x2  
  192  20:52  Hydralisk x2  
  192  20:54  Baneling x7  
  192  20:55  Baneling x10  
  200  21:29  Zergling x2  
  200  21:30  Zergling x2  
  200  21:32  Zergling x22  
  200  21:33  Zergling x2  
  200  21:35  Zergling x2  
  200  21:36  Zergling x22  
  193  21:43  Hydralisk x3  
  199  21:50  Zergling x2  
  200  21:55  Baneling x8  
  200  22:05  Baneling  
  200  22:06  Baneling x10  
  200  22:07  Zergling x16  
  200  22:08  Zergling x2  
  199  22:10  Corruptor  
  199  22:14  Zergling x2  
  199  22:15  Zergling x2  
  200  22:18  Lurker x2  
  200  22:22  Zergling x6  
  200  22:24  Zergling x2  
  200  22:29  Zergling x2  
  190  22:30  Zergling x6, Baneling x8  
  169  22:38  Zergling x2  
  169  22:39  Zergling x32  
  169  22:40  Zergling x4  
  169  22:41  Zergling x2  
  169  22:43  Zergling x2  
  177  22:49  Zergling x16  
  177  22:50  Zergling x8  
  174  22:52  Brood Lord  
  174  22:53  Brood Lord  
  174  22:57  Brood Lord  
  173  22:59  Brood Lord x3  
  170  23:08  Baneling Nest, Spire  
  158  23:13  Spawning Pool  
  158  23:17  Baneling x8  
  154  23:48  Overlord x4  
  151  23:50  Overlord x2  
  149  23:57  Zergling x2  
  150  24:06  Overlord x2  
  150  24:07  Zergling x8  
  150  24:08  Zergling x12  
  155  24:17  Lair  
  155  24:27  Zergling x14  
  160  24:36  Overlord x2  
  160  24:39  Baneling x5  
  160  24:40  Baneling x4  
  160  24:46  Extractor  
  156  24:52  Zergling x2  
  156  24:57  Zergling x14  
  156  24:59  Hatchery  
  154  25:01  Zergling x2  
  154  25:02  Zergling x4  
  154  25:05  Zergling x2  
  123  25:07  Overlord  
  123  25:08  Zergling x2  
Show
View Real Time Build Order
Export as new Build Order

Pikachuu Terran - Winner!

Build Orders: Mech 

Get SALT Encoding   

  12  0:00  SCV  
  13  0:12  SCV  
  14  0:17  Supply Depot  
  14  0:24  SCV  
  15  0:38  SCV  
  15  0:39  Barracks  
  16  0:50  SCV  
  17  1:03  SCV  
  18  1:13  Command Center  
  18  1:15  SCV  
  19  1:23  Refinery  
  19  1:25  Marine  
  20  1:34  Orbital Command  
  20  1:43  Marine  
  20  1:44  Supply Depot  
  21  1:50  Refinery  
  21  1:59  SCV  
  22  2:01  Marine  
  23  2:11  SCV  
  24  2:22  Factory  
  24  2:25  SCV  
  24  2:29  Barracks Reactor  
  25  2:37  SCV  
  25  2:38  Orbital Command  
  26  2:49  SCV  
  27  2:54  Command Center  
  27  3:01  SCV  
  28  3:05  SCV  
  28  3:10  Starport  
  29  3:14  SCV  
  29  3:18  Hellion x2  
  34  3:26  SCV  
  34  3:27  SCV  
  36  3:36  Supply Depot  
  36  3:39  SCV x2  
  38  3:44  Refinery  
  38  3:48  Viking  
  40  3:51  Fusion Core  
  40  3:56  Hellion x2  
  40  3:57  SCV x2  
  46  4:08  Orbital Command  
  46  4:09  SCV x2  
  48  4:15  Refinery  
  48  4:23  SCV x2  
  50  4:27  Starport Tech Lab  
  50  4:30  Hellion x2, Supply Depot  
  54  4:33  SCV  
  54  4:35  SCV  
  56  4:40  SCV  
  57  4:46  Battlecruiser  
  57  4:48  SCV x2  
  57  4:52  SCV  
  66  4:54  Supply Depot  
  66  5:00  SCV x2  
  66  5:04  Factory, SCV  
  66  5:05  Factory  
  69  5:12  SCV  
  69  5:13  Supply Depot  
  70  5:15  Hellion x2  
  70  5:18  Supply Depot  
  74  5:22  SCV  
  74  5:24  SCV  
  74  5:25  Orbital Command  
  76  5:31  Supply Depot  
  76  5:32  Supply Depot  
  76  5:38  SCV x2  
  78  5:46  Hellion x2  
  82  5:50  Factory Tech Lab, SCV x2  
  82  5:51  Factory Tech Lab, Battlecruiser  
  90  6:01  SCV  
  90  6:02  SCV x2  
  91  6:11  Siege Tank x2  
  91  6:12  Hellion x2  
  91  6:13  SCV  
  91  6:14  Refinery x2, SCV x2  
  104  6:21  Weapon Refit  
  104  6:25  SCV, Supply Depot  
  105  6:26  SCV x2, Supply Depot  
  107  6:41  SCV x2  
  107  6:42  SCV  
  107  6:43  Siege Tank x2  
  116  6:47  Engineering Bay  
  116  6:50  Armory  
  116  6:53  Armory  
  116  6:56  SCV x2  
  116  6:57  SCV  
  119  7:02  Command Center  
  119  7:07  Battlecruiser  
  125  7:13  SCV, Supply Depot x2  
  126  7:16  Supply Depot  
  126  7:17  Supply Depot x2  
  126  7:27  Missile Turret  
  126  7:29  Missile Turret  
  126  7:33  Missile Turret x2  
  126  7:35  Missile Turret  
  126  7:36  Missile Turret, Siege Tank x2  
  132  7:49  Factory  
  132  7:50  Factory  
  132  7:55  Missile Turret  
  132  7:58  Infernal Pre-Igniter  
  128  8:08  Siege Tank x2  
  128  8:25  SCV  
  128  8:26  SCV x2  
  131  8:34  Factory Tech Lab, Factory Reactor  
  131  8:38  SCV x3  
  134  8:44  Missile Turret  
  134  8:45  Missile Turret  
  134  8:46  Cyclone  
  134  8:47  Cyclone, Missile Turret, Hellion x2  
  134  8:48  Mag-Field Accelerator  
  144  8:57  Cyclone  
  144  9:01  Sensor Tower  
  147  9:03  Command Center, Supply Depot  
  147  9:08  Hellion x2  
  151  9:10  Planetary Fortress, Supply Depot  
  151  9:12  Supply Depot  
  151  9:13  Refinery x2  
  151  9:15  Terran Vehicle And Ship Armor Level 1, Terran Vehicle Weapons Level 1  
  151  9:21  Sensor Tower  
  151  9:22  Siege Tank  
  151  9:23  Hellion x3  
  160  9:28  Supply Depot  
  160  9:29  Hellion, Supply Depot  
  144  9:40  Hellion x2  
  144  9:44  Hellion x2, Siege Tank  
  155  9:50  Siege Tank  
  158  9:54  Siege Tank  
  158  9:57  Factory x2  
  158  9:58  Command Center  
  161  10:03  Factory  
  161  10:09  Hellion  
  161  10:10  Hellion  
  161  10:12  Missile Turret  
  165  10:16  Missile Turret, Siege Tank  
  165  10:19  Missile Turret  
  168  10:22  Siege Tank  
  169  10:47  Siege Tank  
  169  10:48  Siege Tank  
  169  10:49  Factory Tech Lab x2, Factory Reactor  
  175  10:54  Siege Tank  
  178  11:06  Command Center  
  178  11:08  Command Center  
  171  11:46  SCV x3  
  174  11:48  Orbital Command  
  174  11:51  Siege Tank x4  
  174  11:52  Hellion x5, Siege Tank  
  199  12:05  Terran Vehicle And Ship Armor Level 2, Terran Vehicle Weapons Level 2  
  199  12:13  Missile Turret  
  199  12:15  Refinery, Missile Turret  
  199  12:16  Missile Turret  
  199  12:19  Missile Turret  
  199  12:20  Refinery  
  182  12:24  Siege Tank x4  
  182  12:25  Hellion x2  
  157  12:38  Smart Servos  
  157  12:41  Siege Tank  
  157  12:42  Hellion x3  
  157  12:43  Hellion  
  157  12:44  Barracks Tech Lab  
  168  12:46  Hellion  
  170  12:56  Siege Tank x4  
  170  12:57  Barracks  
  170  12:58  Ghost Academy  
  182  12:59  Barracks  
  172  13:13  Thor  
  178  13:28  Thor x2  
  188  13:55  Siege Tank x2  
  194  13:56  Hellion x4  
  180  14:08  Thor  
  180  14:09  Hellion  
  180  14:11  Thor  
  180  14:16  Planetary Fortress  
  186  14:25  Terran Vehicle And Ship Armor Level 3, Terran Vehicle Weapons Level 3  
  186  14:27  Barracks Tech Lab, Command Center  
  186  14:34  Barracks Tech Lab  
  186  14:37  Hellion x2, Siege Tank x3  
  186  14:38  Hellion x4  
  187  14:51  Siege Tank  
  190  14:54  Hellion  
  190  14:59  Hellion  
  192  15:06  Hellion  
  186  15:09  Siege Tank x2  
  186  15:11  Siege Tank  
  186  15:12  Hellion  
  197  15:15  Siege Tank  
  200  15:36  Hi-Sec Auto Tracking  
  200  15:39  Engineering Bay  
  200  15:42  Orbital Command  
  200  15:47  Command Center  
  200  15:49  Missile Turret x2  
  200  15:50  Missile Turret  
  161  16:17  Ghost x3  
  167  16:20  Barracks  
  167  16:22  Barracks  
  167  16:26  Personal Cloaking  
  167  16:28  Thor x2  
  179  16:33  Neosteel Armor  
  179  16:46  Ghost x3  
  177  17:24  Ghost x3  
  177  17:26  Barracks Tech Lab x2  
  177  17:27  Thor x2  
  195  17:51  Missile Turret, Enhanced Shockwaves  
  195  17:52  Ghost  
  195  17:53  Ghost, Missile Turret  
  171  18:13  Terran Infantry Weapons Level 1  
  170  18:20  Refinery, SCV x2  
  170  18:21  Refinery, SCV x2  
  174  18:29  Missile Turret x3  
  174  18:30  Siege Tank x4  
  174  18:31  Hellion x4  
  174  18:32  Hellion x2, SCV  
  174  18:33  SCV  
  200  18:38  Planetary Fortress  
  195  18:48  Siege Tank  
  178  19:02  Siege Tank x3  
  185  19:06  Hellion x5  
  185  19:15  Missile Turret  
  185  19:16  Siege Tank  
  185  19:17  Missile Turret  
  188  19:19  Missile Turret  
  188  19:20  Siege Tank  
  191  19:45  Ghost x4  
  191  19:48  Planetary Fortress  
  189  19:55  SCV  
  189  19:57  Refinery  
  190  20:07  Terran Infantry Armor Level 1, SCV  
  190  20:10  Sensor Tower, Raven  
  190  20:11  Missile Turret  
  190  20:12  Missile Turret  
  193  20:18  Refinery  
  193  20:19  SCV  
  194  20:23  SCV x2  
  194  20:25  Refinery  
  194  20:27  Refinery  
  196  20:31  SCV  
  196  20:32  Sensor Tower  
  196  20:33  Missile Turret  
  196  20:35  SCV x2  
  187  20:47  SCV  
  187  20:48  Terran Infantry Weapons Level 2  
  188  20:52  Siege Tank x4  
  200  20:58  Command Center  
  200  21:00  Sensor Tower  
  193  21:44  Siege Tank x2  
  199  22:08  Siege Tank x3  
  182  22:16  Siege Tank x2  
  182  22:18  Engineering Bay x2  
  182  22:20  Engineering Bay x2  
  182  22:22  Engineering Bay  
  169  22:40  Siege Tank x3  
  176  22:48  Siege Tank x2  
  182  23:12  Thor  
  186  23:18  Command Center x2  
  186  23:30  Command Center  
  183  24:33  Orbital Command  
Tags
 
Composition
LurkersMech
League
Master
Matchup
TvZ
Add a new tag
Caveats
  • Supply blocks, unpowered buildings, or Contaminate may cause inaccurate times.
  • Supply counts are checked every 10 seconds.